 Dungeon Crawl Stone Soup version 0.32-a0-12-g7fc57aa741 (webtiles) character file.

Game seed: 12218507597376183306

1886 Ivernyr the Blocker (level 9, -5/72 HPs)
             Began as a Formicid Fighter on Jan 14, 2024.
             Was an Initiate of Wu Jian.
             Slain by a gnoll
             ... wielding a +3 halberd
             ... led by a gnoll sergeant
              (12 damage)
             ... on level 7 of the Dungeon.
             The game lasted 00:14:13 (6041 turns).

Ivernyr the Blocker (Formicid Fighter)              Turns: 6041, Time: 00:14:13

Health: -5/72      AC: 10    Str: 26    XL:     9   Next: 37%
Magic:  9/9        EV:  9    Int:  7    God:    Wu Jian [......]
Gold:   303        SH:  8    Dex: 25    Spells: 8/8 levels left

rFire   . . .        y - +0 lajatang
rCold   . . .        c - +0 buckler
rNeg    . . .        b - +0 scale mail
rPois   .            (helmet unavailable)
rElec   .            (no cloak)
rCorr   .            w - +1 pair of gloves
SInv    +            (no boots)
Will    .....        (no amulet)
Stlth   +            g - +6 ring of dexterity
HPRegen 0.32/turn    k - +6 ring of dexterity
MPRegen 0.11/turn

%: no passive effects
@: no status effects
A: permanent stasis, dig shafts and tunnels, antennae 3, four strong arms
a: Dig, Shaft Self, Renounce Religion


You were on level 7 of the Dungeon.
You worshipped Wu Jian.
Wu Jian was noncommittal.
You visited 2 branches of the dungeon, and saw 8 of its levels.

You collected 303 gold pieces.

Inventory:

Hand Weapons
 a - a +0 quarterstaff
 y - a +0 lajatang (weapon)
Armour
 b - a +0 scale mail (worn)
 c - a +0 buckler (worn)
 w - a +1 pair of gloves (worn)
Jewellery
 g - a +6 ring of dexterity (left hand)
 k - a +6 ring of dexterity (right hand)
Wands
 m - a wand of charming (23)
 q - a wand of quicksilver (7)
Scrolls
 d - a scroll of fear {unknown}
 e - 2 scrolls of immolation {unknown}
 f - 2 scrolls of revelation {unknown}
 h - 5 scrolls of vulnerability {unknown}
 i - 2 scrolls of teleportation {unknown}
 p - a scroll of amnesia {unknown}
 s - a scroll of fog {unknown}
 t - 4 scrolls of identify {unknown}
 u - a scroll of butterflies {unknown}
Potions
 j - 2 potions of lignification {unknown}
 l - a potion of heal wounds {unknown}
 n - 5 potions of curing
 o - a potion of invisibility {unknown}
 r - 2 potions of resistance {unknown}
 v - a potion of magic {unknown}
 x - 2 potions of might


   Skills:
 + Level 7.2 Fighting
 + Level 6.0 Staves
 + Level 7.2 Armour
 + Level 8.5 Shields


You had 8 spell levels left.
You didn't know any spells.
Your spell library contained the following spells:

 Spells                   Type           Power      Damage    Failure   Level
 Freeze                   Ice            0%         1d3       75%         1
 Frozen Ramparts          Ice            0%         1d1       98%         3
 Hailstorm                Conj/Ice       0%         3d5       98%         3


Dungeon Overview and Level Annotations

Branches:
Dungeon (7/15)             Temple (1/1) D:4

Altars:
Ashenzari
Cheibriados
Elyvilon
Gozag
Hepliaklqana
Kikubaaqudgha
Okawaru
Qazlal
Vehumet
Wu Jian
Xom

Shops:
D:2 [   D:3 (=?(?   D:4 =   D:6 :


Innate Abilities, Weirdness & Mutations

You cannot be hasted, slowed, berserked, paralysed or teleported.
You can dig through walls and to a lower floor.
You have a pair of large antennae on your head. (SInv)
Your four strong arms can wield two-handed weapons with a shield.


Message History

y - a +0 lajatang (weapon)
The gnoll hits you but does no damage.
You lunge at the gnoll.
You barely miss the gnoll. The gnoll hits you with a +0 spear.
You hit the gnoll.
The gnoll is lightly wounded.
The gnoll hits you with a +0 spear.
The gnoll sergeant hits you from afar with a +1 spear of distortion!
Space warps around you.
You slice the gnoll!!
You kill the gnoll!
The Council accepts your kill.
The gnoll sergeant hits you from afar with a +1 spear of distortion!
Space warps around you.
Unknown command.
You lunge at the gnoll sergeant.
You hit the gnoll sergeant but do no damage.
You block the gnoll's attack.
The gnoll sergeant hits you but does no damage.
Space warps around you.
You see here a +0 spear.
You barely miss the gnoll sergeant. The gnoll hits you but does no damage.
The gnoll sergeant hits you with a +1 spear of distortion.
The gnoll completely misses you.
You hit the gnoll sergeant.
The gnoll sergeant is lightly wounded.
The gnoll sergeant hits you with a +1 spear of distortion!
Space warps around you.
* * * LOW HITPOINT WARNING * * *
The gnoll hits you from afar with a +3 halberd.
* * * LOW HITPOINT WARNING * * *
The gnoll sergeant hits you with a +1 spear of distortion.
* * * LOW HITPOINT WARNING * * *
Space warps around you.
* * * LOW HITPOINT WARNING * * *
You block the gnoll's attack.
You begin to dig a shaft.
You continue digging a shaft.
The gnoll sergeant closely misses you.
The gnoll hits you from afar with a +3 halberd!
You die...

#{.# ### #g.# ..#
#g. #.# ##'## #.#
##...## #.#
##.....## ####.#
#.......## ##.##.#
#........g####...#.#
+.......ggg@.......#
#........g####..<#.#
..........## ##.##.#
##.#.....## ####.#
#.##...## #.# ##+#
..# ###


You could see a gnoll sergeant and 4 gnolls.

Vanquished Creatures
  Sigmund (D:2)
  A steam dragon (D:5)
  Duvessa (D:5)
  An ice beast (D:6)
  A black bear (D:5)
  A centaur (D:6)
  2 phantoms
  2 scorpions
  Dowan (D:5)
  5 wights
  3 bombardier beetles
  6 hounds
  A jelly (D:6)
  An orc priest (D:6)
  A sleepcap (D:6)
  Jessica (D:2)
  2 orc wizards (D:5)
  5 gnolls
  8 adders
  A white imp (D:5)
  2 dart slugs
  11 orcs
  8 bats
  6 endoplasms
  A giant cockroach (D:1)
  8 goblins
  5 hobgoblins
  4 jackals (D:1)
  3 quokkas
  3 ball pythons
  5 frilled lizards
  6 kobolds
  6 rats
  A butterfly (D:1)
114 creatures vanquished.

Notes
Turn   | Place    | Note
-------+----------+-------------------------------------------
     0 | D:1      | Ivernyr the Formicid Fighter began the quest for the Orb.
     0 | D:1      | Reached XP level 1. HP: 18/18 MP: 1/1
    23 | D:1      | Reached XP level 2. HP: 13/24 MP: 2/2
   218 | D:1      | Reached XP level 3. HP: 29/29 MP: 3/3
   585 | D:2      | Reached XP level 4. HP: 36/37 MP: 4/4
   603 | D:2      | Found Quonid's Antique Armour Shop.
   613 | D:2      | Noticed Jessica
   620 | D:2      | Killed Jessica
   779 | D:2      | Noticed Sigmund
   801 | D:2      | Killed Sigmund
   802 | D:2      | Reached skill level 5 in Shields
   802 | D:2      | Reached XP level 5. HP: 11/43 MP: 5/5
   802 | D:2      | Reached XP level 6. HP: 13/49 MP: 6/6
  1626 | D:3      | Found Wadec's Antique Weapon Shoppe.
  1689 | D:3      | Found Afutzae's Weapon Shop.
  1773 | D:3      | Found Veotu's Magic Scroll Boutique.
  1864 | D:3      | Found Udolem's Magic Scroll Shoppe.
  1905 | D:3      | Found Qoaren's Jewellery Shop.
  2131 | D:4      | Reached skill level 5 in Armour
  2131 | D:4      | Reached skill level 6 in Shields
  2131 | D:4      | Reached XP level 7. HP: 51/55 MP: 7/7
  2389 | D:4      | Reached skill level 5 in Fighting
  2613 | D:4      | Found Dyot's Jewellery Shop.
  2634 | D:4      | Found a staircase to the Ecumenical Temple.
  3161 | Temple   | Entered the Ecumenical Temple
  3196 | D:5      | Entered Level 5 of the Dungeon
  3434 | D:5      | Noticed a steam dragon
  3487 | D:5      | Killed a steam dragon
  3516 | D:5      | Reached XP level 8. HP: 18/63 MP: 8/8
  3802 | D:5      | Found an ornate altar of the Wu Jian Council.
  3869 | D:5      | Reached skill level 7 in Shields
  3902 | D:5      | Became a worshipper of the Wu Jian Council
  4127 | D:5      | Reached skill level 5 in Staves
  4142 | D:5      | Found a white marble altar of Elyvilon.
  4596 | D:6      | Noticed Duvessa
  4596 | D:6      | Noticed Dowan
  4622 | D:5      | Killed Duvessa
  4636 | D:5      | Killed Dowan
  4783 | D:5      | Reached XP level 9. HP: 57/71 MP: 9/9
  4795 | D:5      | Reached skill level 8 in Shields
  5372 | D:6      | Found a snail-covered altar of Cheibriados.
  5456 | D:6      | Found Guypulud's Book Emporium.
  6041 | D:7      | Slain by a gnoll

Illustrated notes

Levels and vault maps discovered:
D:1:      spicycebolla_arrival_clurvy, layout_rooms
D:2:      cheibrodos_old_hovel, layout_loops_cross, serial_shops,
          nicolae_shop_just_a_little_nook, uniq_sigmund, uniq_jessica
D:3:      layout_rooms, serial_shops, nicolae_shop_hallway_plus,
          nicolae_shop_window_shopping, shop, nicolae_shop_statue_plus,
          nicolae_shop_bloodbath_and_beyond
D:4:      layout_basic, minmay_temple_entry_enclosed_plants, serial_shops, shop
D:5:      layout_basic, mainiacjoe_overflow_surrounded_room,
          nicolae_elyvilon_temple_path, chequers_serial_rivers_marsh
D:6:      wander_river, layout_loops_ring, slow_altar_1, serial_shops,
          nicolae_shop_tiny_statue_garden, serial_bayou, serial_bayou_pond_a,
          serial_bayou_pond_a, serial_bayou_shore_a, serial_bayou_lake_a,
          grunt_decor_mini_mirrors, uniq_duvessa
D:7:      layout_loops_corners, marbit_many_paths, general_overflow_altar,
          led_sif_pool
Temple:   nicolae_temple_two_arcs

Skill      XL: |  1  2  3  4  5  6  7  8  9 |
---------------+----------------------------+-----
Armour         | 4 5 6 7 |  7.2
Fighting       | 4 5 6 7 |  7.2
Staves         | 3 4 5 6 |  6.0
Shields        | 5 6 7 8 |  8.5

Action                     |  1- 3 |  4- 6 |  7- 9 || total
---------------------------+-------+-------+-------++-------
  Melee: Quarterstaff      |    85 |    89 |   236 ||   410
         Lajatang          |       |       |     6 ||     6
Ability: Lunge             |       |       |     6 ||     6
         Shaft Self        |       |       |     1 ||     1
    Use: Potion            |       |       |     2 ||     2
 Armour: Scale mail        |    51 |    44 |   143 ||   238
  Dodge: Dodged            |    52 |    27 |    67 ||   146
  Block: Buckler           |    26 |    31 |    86 ||   143

Table legend: (Time is in decaauts)
 A = Elapsed time spent in this place.
 B = Non-inter-level travel time spent in this place.
 C = Inter-level travel time spent in this place.
 D = Time resting spent in this place.
 E = Time spent auto-exploring this place.
 F = Levels seen in this place.
 G = Mean time per level.
                   A        B        C        D        E       F      G
               +--------+--------+--------+--------+--------+-----+--------+
         Total |   6133 |   5836 |    297 |    977 |   3732 |   8 |  766.6 |
       Dungeon |   6131 |   5835 |    296 |    977 |   3732 |   7 |  875.9 |
        Temple |      1 |      1 |      0 |      0 |      0 |   1 |    1.0 |
               +--------+--------+--------+--------+--------+-----+--------+

Top non-repeatable levels by time:
     D:5: 1729 daAuts
     D:4: 1230 daAuts
     D:6: 1109 daAuts
     D:2: 1014 daAuts
     D:1: 558 daAuts
     D:3: 451 daAuts
     D:7: 36 daAuts
  Temple: 1 daAuts
